 Dungeon Crawl Stone Soup version 0.21-a0-437-ge5bf024 (webtiles) character file.

399413 theanonym the Devastator (level 23, -6/148 HPs)
             Began as an Octopode Fire Elementalist on Nov 8, 2017.
             Was the Champion of Vehumet.
             Mangled by a ghoul (12 damage)
             ... led by a death knight
             ... while paralysed by a floating eye
             ... on level 3 of the Depths on Nov 9, 2017.
             The game lasted 07:21:34 (80688 turns).

theanonym the Devastator (OpFE)                    Turns: 80688, Time: 07:21:35

Health: -6/148     AC:  4    Str: 15    XL:     23   Next: 27%
Magic:  47/71      EV:  2    Int: 36    God:    Vehumet [******]
Gold:   1318       SH:  0    Dex: 14    Spells: 4/57 levels left

rFire    + + .     SeeInvis .   a - +9 staff of Olgreb {rPois}
rCold    + . .     Gourm    .   H - +0 shield {reflect}
rNeg     . . .     Faith    .   c - +2 hat {MR+}
rPois    ∞         Spirit   .   J - amulet of Descent {RegenMP Str+3 Int+4}
rElec    .         Reflect  +   F - ring of fire {rF+, rC-}
rCorr    .         Harm     .   l - ring of the Octopus King {rF+ AC+1 EV+1 Str+1 Int+1 Dex+1}
MR       +++..                  P - ring of Mutinn {+Fly rC+ Str+3 Int+2}
Stlth    +++.......             G - ring of Lesee {+Inv MR+ MP+9}
HPRegen  0.34/turn              g - ring of protection from cold {rC+}
MPRegen  0.67/turn              U - ring of magical power {MP+9}
                                b - ring of magical power {MP+9}
                                Y - +3 ring of intelligence

@: paralysed, swift, very slightly contaminated, slowed, very quick
A: almost no armour, stealthy swim, amphibious, 8 rings, constrict 8, camouflage
1, gelatinous body 1
}: 2/15 runes: barnacled, gossamer
a: Renounce Religion, Evoke Invisibility, Evoke Flight


Innate Abilities, Weirdness & Mutations

You cannot wear most types of armour.
You are very stealthy in the water. (Stealth+)
You are amphibious.
You can wear up to eight rings at the same time.
You can use your tentacles to constrict eight enemies at once.
Your skin changes colour to match your surroundings (Stealth+).
Your rubbery body absorbs attacks. (AC +1, EV +1)


   Skills:
 - Level 10.2 Fighting
 - Level 12.0 Dodging
 - Level 2.6 Stealth
 - Level 15.0 Shields
 + Level 17.6 Spellcasting
 * Level 19.2 Conjurations
 - Level 5.4 Charms
 * Level 17.8 Fire Magic
 - Level 5.3 Ice Magic
 - Level 11.3 Poison Magic


You had 4 spell levels left.
You knew the following spells:

 Your Spells              Type           Power        Failure   Level  Hunger
a - Poison Arrow          Conj/Pois      ########..   1%          6    None
b - Sticky Flame          Conj/Fire      ########     0%          4    None
c - Conjure Flame         Conj/Fire      ########     0%          3    None
d - Glaciate              Conj/Ice       #######...   71%         9    ######.
e - Venom Bolt            Conj/Pois      ########..   1%          5    None
f - Fireball              Conj/Fire      ########..   0%          5    None
g - Ozocubu's Armour      Chrm/Ice       ######..     1%          3    None
h - Iron Shot             Conj/Erth      #######...   1%          6    None
i - Flame Tongue          Conj/Fire      #####        0%          1    None
j - Fire Storm            Conj/Fire      ########..   11%         9    ######.
s - Swiftness             Chrm/Air       ######..     1%          2    None

Skill      XL: |  1  2  3  4  5  6  7  8  9 10 11 12 13 14 15 16 17 18 19 20 21 22 23 |
---------------+----------------------------------------------------------------------+-----
Conjurations   | 2 3 4 6 9 10 11 12 15 16 17 18 19 | 19.2
Dodging        | 3 7 10 12 | 12.0
Spellcasting   | 3 4 5 8 10 12 13 14 15 16 17 | 17.6
Fire Magic     | 4 5 7 9 10 11 12 14 15 16 17 | 17.8
Shields        | 4 5 10 12 13 14 15 | 15.0
Fighting       | 2 7 10 | 10.2
Charms         | 2 5 |  5.4
Ice Magic      | 2 5 |  5.3
Poison Magic   | 3 5 8 10 11 | 11.3
Stealth        | |  2.6

Action                   |  1- 3 |  4- 6 |  7- 9 | 10-12 | 13-15 | 16-18 | 19-21 | 22-24 || total
-------------------------+-------+-------+-------+-------+-------+-------+-------+-------++-------
Melee: Unarmed           |     2 |       |       |       |       |       |       |       ||     2
       Constrict         |     4 |     4 |    11 |    20 |    28 |     9 |    11 |       ||    87
       Mace              |     6 |       |       |       |       |       |       |       ||     6
       Tentacles         |     3 |     1 |     4 |    12 |    34 |     9 |    20 |     4 ||    87
       Dagger            |     8 |     2 |    20 |    78 |       |       |    27 |       ||   135
       Short sword       |       |     8 |    23 |       |       |       |       |       ||    31
       Staff             |       |       |       |    12 |   179 |    58 |    62 |    18 ||   329
 Cast: Flame Tongue      |    61 |    94 |   174 |   263 |   141 |    10 |    20 |     3 ||   766
       Conjure Flame     |       |     3 |     7 |     2 |     1 |       |       |       ||    13
       Sticky Flame      |       |     2 |    22 |    57 |   104 |    19 |    13 |     3 ||   220
       Fireball          |       |       |     4 |   145 |   358 |   293 |   354 |   138 ||  1292
       Throw Icicle      |       |       |       |     1 |    15 |     3 |       |       ||    19
       Ozocubu's Armour  |       |       |       |       |    70 |   166 |   176 |    71 ||   483
       Venom Bolt        |       |       |       |       |    60 |    16 |    28 |     4 ||   108
       Poison Arrow      |       |       |       |       |       |   322 |   359 |   142 ||   823
       Iron Shot         |       |       |       |       |       |       |     2 |       ||     2
       Swiftness         |       |       |       |       |       |       |     1 |     2 ||     3
Evoke: Wand              |       |       |       |       |    11 |     6 |    10 |       ||    27
  Use: Scroll            |     3 |     3 |     5 |    26 |    18 |    16 |    18 |     7 ||    96
       Potion            |       |       |     3 |     1 |     5 |     3 |       |       ||    12
 Stab: Distracted        |       |       |       |       |       |     1 |       |       ||     1
  Eat: Chunk             |     4 |     6 |    11 |    25 |    49 |    37 |    42 |    17 ||   191
       Bread ration      |       |     1 |     1 |     2 |     7 |     3 |     6 |       ||    20
       Fruit             |       |     1 |     2 |     7 |    13 |     5 |     3 |     4 ||    35
       Meat ration       |       |       |     1 |     5 |     3 |    10 |     2 |     1 ||    22
       Royal jelly       |       |       |       |     1 |     3 |     4 |     9 |       ||    17
Armor: Skin              |     4 |     3 |     1 |     8 |    27 |    19 |    24 |     7 ||    93
Dodge: Dodged            |    20 |    35 |    73 |   152 |   224 |    94 |   142 |    36 ||   776
Block: Buckler           |       |       |       |    22 |       |       |       |       ||    22
       Shield            |       |       |       |    18 |   215 |    96 |   195 |    53 ||   577
       Reflection        |       |       |       |       |    15 |    32 |    32 |    11 ||    90

Inventory:

Hand Weapons
 a - the +9 staff of Olgreb (weapon) {rPois}
   (You found it on level 10 of the Dungeon)

   It protects you from poison.
Missiles
 C - 8 throwing nets (quivered)
Armour
 c - a +2 hat of magic resistance (worn)
   (You acquired it on level 5 of the Lair of Beasts)
 H - a +0 shield of reflection (worn)
   (You took it off a tengu warrior on level 3 of the Depths)
Magical Staves
 I - an uncursed staff of wizardry {Wiz+, !a}
   (You took it off an orc on level 8 of the Dungeon)
Jewellery
 b - a ring of magical power (on tentacle) {MP+9}
   (You bought it in a shop on level 1 of the Depths)
 g - a ring of protection from cold (on tentacle) {rC+}
   (You bought it in a shop on level 1 of the Orcish Mines)
 i - an uncursed ring of protection from fire {rF+}
   (You found it on level 1 of the Dungeon)
 l - a ring of the Octopus King (right tentacle) {rF+ AC+1 EV+1 Str+1 Int+1 Dex+1}
   (You took it off an orc on level 3 of the Depths)

   [ring of protection from fire]

   It affects your AC (+1).
   It affects your evasion (+1).
   It affects your strength (+1).
   It affects your intelligence (+1).
   It affects your dexterity (+1).
   It protects you from fire.
 s - an uncursed amulet of regeneration {+regen}
   (You found it on level 4 of the Dungeon)
 u - an uncursed ring of see invisible {sInv}
   (You found it on level 4 of the Dungeon)
 v - an uncursed ring of resist corrosion
   (You found it on level 14 of the Dungeon)
 F - a ring of fire (left tentacle) {rF+, rC-}
   (You found it on level 1 of the Lair of Beasts)
 G - the ring of Lesee (on tentacle) {+Inv MR+ MP+9}
   (You acquired it on level 2 of the Lair of Beasts)

   [ring of magical power]

   It affects your resistance to hostile enchantments.
   It affects your magic capacity (+9).
   It lets you turn invisible.
 J - the amulet of Descent (around mantle) {RegenMP Str+3 Int+4}
   (You acquired it on level 1 of the Depths)

   [amulet of magic regeneration]

   It increases your magic regeneration.
   It affects your strength (+3).
   It affects your intelligence (+4).
 P - the ring of Mutinn (on tentacle) {+Fly rC+ Str+3 Int+2}
   (You took it off an orc on level 3 of the Depths)

   [ring of intelligence]

   It affects your strength (+3).
   It affects your intelligence (+2).
   It protects you from cold.
   It lets you fly.
 S - a +5 amulet of reflection
   (You bought it in a shop on level 1 of the Orcish Mines)
 T - a +3 ring of evasion
   (You bought it in a shop on level 1 of the Orcish Mines)
 U - a ring of magical power (on tentacle) {MP+9}
   (You bought it in a shop on level 1 of the Orcish Mines)
 V - an uncursed ring of positive energy {rN+}
   (You found it on level 15 of the Dungeon)
 Y - a +3 ring of intelligence (on tentacle)
   (You found it on level 6 of the Dungeon)
Wands
 h - a wand of acid (10/15)
   (You found it on level 3 of the Shoals)
 x - a wand of digging (9/24)
   (You took it off a meliai on level 1 of the Spider Nest)
 E - a wand of digging (16/24)
   (You found it on level 2 of the Spider Nest)
Scrolls
 f - 4 scrolls of fog {!r}
 r - 12 scrolls of identify
 t - 7 scrolls of teleportation {!r}
 y - 9 scrolls of magic mapping {!r}
 A - 2 scrolls of immolation
 B - a scroll of fear {!r}
 D - a scroll of holy word
 O - 4 scrolls of blinking
 Q - 29 scrolls of remove curse
Potions
 e - 6 potions of berserk rage
 j - 3 potions of brilliance
 k - 20 potions of curing
 m - 9 potions of ambrosia
 p - a potion of haste
 q - 5 potions of heal wounds
 w - 5 potions of invisibility
 N - 4 potions of might
 X - 2 potions of cancellation
 Z - 2 potions of resistance
Books
 o - a book of Power
   (You found it on level 3 of the Lair of Beasts)

   Spells                             Type                      Level
   a - Iskenderun's Battlesphere      Conjuration/Charms           5
   b - Venom Bolt                     Conjuration/Poison           5
   c - Bolt of Magma                  Conjuration/Fire/Earth       5
   d - Iron Shot                      Conjuration/Earth            6
   e - Orb of Destruction             Conjuration                  7
   f - Spellforged Servitor           Conjuration/Summoning        7
 M - a book of Burglary
   (You bought it in a shop on level 2 of the Orcish Mines)

   Spells                             Type                      Level
   a - Swiftness                      Charms/Air                   2
   b - Passwall                       Transmutation/Earth          2
   c - Passage of Golubria            Translocation                4
   d - Lee's Rapid Deconstruction     Earth                        5
   e - Darkness                       Hexes                        6
   f - Invisibility                   Hexes                        6
Miscellaneous
 z - a phial of floods
   (You found it on level 4 of the Shoals)
 R - a phantom mirror
Comestibles
 d - 6 royal jellies
 n - 6 meat rations
 K - 5 chunks of flesh
 W - 2 bread rations

Dungeon Overview and Level Annotations

Branches:
Dungeon (15/15)            Temple (1/1) D:7            Lair (6/6) D:8
 Shoals (4/4) Lair:3       Spider (4/4) Lair:2        Slime (0/5) Lair:5
    Orc (2/2) D:11            Elf (2/3) Orc:2        Vaults (4/5) D:13
  Crypt (1/3) Vaults:3     Depths (3/5) D:15

Altars:
Ashenzari
Cheibriados
Dithmenos
Elyvilon
Fedhas
Gozag
Hepliaklqana
Kikubaaqudgha
Makhleb
Nemelex Xobeh
Okawaru
Qazlal
Ru
Sif Muna
Trog
Uskayaw
Vehumet
Wu Jian
Xom
Yredelemnul
Zin
The Shining One
Beogh
Jiyva

Shops:
D:4 [   D:7 %   D:11 !   Orc:1 ==}   Orc:2 (}*(?:[   Elf:2 *   Shoals:2 *
Shoals:3 *   Vaults:2 ?   Depths:1 }=}

Portals:
Hell: Depths:1 Depths:2
Abyss: Depths:1 Depths:3
Pandemonium: Depths:1 Depths:3
Ziggurat: Depths:3
Trove: D:15 (give 16 scrolls of teleportation)

Annotations:
Lair:3 exclusion: blink frog, varam's ghost, journeyman GrMo
Lair:6 KristoblXynda's ghost, journeyman DrFi; Roxy's ghost, journeyman FoFi
Shoals:4 exclusion: Roxanne, Roxanne
Crypt:1 Bai Suzhen


You were on level 3 of the Depths.
You worshipped Vehumet.
Vehumet was exalted by your worship.
You were not hungry.

You visited 10 branches of the dungeon, and saw 42 of its levels.

You collected 5384 gold pieces.
You spent 4066 gold pieces at shops.


Message History

You kill the ice dragon!
Vehumet accepts your kill.
The ice dragon scales are intact enough to wear.
You now have 44/71 mp.
You start resting.
Your icy armour starts to melt.
Your icy armour evaporates.
Health restored: 148; MP restored: 71 A film of ice covers your body!
You now have 68/71 mp.
Unknown command.
Unknown command.
Things that are here:
+0 ice dragon scales; an ice dragon corpse; MP restored: 71 You butcher the ice dragon corpse.
K - 6 chunks of flesh You see here +0 ice dragon scales. x2
Eating one of 6 chunks of flesh.
You eat one of the 6 chunks of flesh.
Found 11 poisoned needles and a short sword.
Found a stone staircase leading down.
There is an open door here.
You see here a great sword of flaming.
There is an open door here.
You see here a great sword of flaming.
Your icy armour starts to melt.
You open the door.
There is an open door here.
Your icy armour evaporates.
There is an open door here.
You open the door.
A frost giant and a ghoul come into view.
The frost giant is wielding a battleaxe of freezing.
The frost giant shouts!
You hear a shout!
A freezing wraith opens the door.
Found a garnet ring and 11 gold pieces.
A death knight and a wraith come into view.
Unknown command.
Unknown command.
You miscast Ozocubu's Armour.
You are very lightly contaminated with residual magic.
Multicoloured lights dance before your eyes!
You now have 69/71 mp.
Aim: a frost giant, wielding a battleaxe of freezing You feel a surge of power!
The poison arrow hits the frost giant.
The frost giant looks as sick as possible!
The death knight hits you from afar with a glaive.
The frost giant barely misses you.
You take 5 damage, and have 143/148 hp.
You now have 63/71 mp.
Aim: a frost giant, wielding a battleaxe of freezing (heavily wounded, poisoned)
You feel a surge of power!
The poison arrow hits the frost giant.
The frost giant looks as sick as possible!
You kill the frost giant!
Vehumet accepts your kill.
A floating eye comes into view.
You now have 58/71 mp.
Aim: a ghoul You feel a surge of power!
The poison arrow hits the ghoul.
The ghoul partially resists.
The death knight hits you from afar with a glaive!!
The floating eye's view fixates on you. The ghoul closely misses you. x2
You take 18 damage, and have 125/148 hp.
You now have 53/71 mp.
Aim: a ghoul (lightly damaged)
You feel a surge of power!
The poison arrow misses the ghoul.
The poison arrow hits the death knight.
The death knight looks as sick as possible!
The freezing wraith completely misses you. x2
The death knight completely misses you. The ghoul barely misses you.
The ghoul completely misses you.
You now have 47/71 mp.
You feel quick.
The freezing wraith completely misses you.
The freezing wraith hits you! The freezing wraith drains your vigour!
You feel yourself slow down.
The floating eye gazes piercingly through you!
You suddenly lose the ability to move!
The death knight hits you from afar with a glaive!
The ghoul claws you! x2
The freezing wraith hits you!
* * * LOW HITPOINT WARNING * * *
The freezing wraith freezes you. You resist.
* * * LOW HITPOINT WARNING * * *
The freezing wraith hits you but does no damage.
The floating eye's stare focuses on you.
The ghoul claws you!!
* * * LOW HITPOINT WARNING * * *
The ghoul claws you!
* * * LOW HITPOINT WARNING * * *
The death knight hits you from afar with a glaive.
* * * LOW HITPOINT WARNING * * *
The freezing wraith hits you!
* * * LOW HITPOINT WARNING * * *
The freezing wraith freezes you. You resist.
* * * LOW HITPOINT WARNING * * *
The freezing wraith hits you.
* * * LOW HITPOINT WARNING * * *
The floating eye gazes piercingly through you!
You shrug off the repeated paralysis!
The ghoul claws you!
You die...

...[#......#
.....#.....###
...[.........#
.........≈≈≈.## ###
.......#.≈≈≈..## #.$##
..........≈≈...# #...=
##'#....#......##WpG
[..##.....#.....#n##
....'...........@W.#
)..)##'#.....#.....'.#
∩(###..##.....#....###
#####.[)+...........##
#....#............#
#>(..#....#.......####
#######.....#.....#..##
##..##......#...'...#
#[...'........#.#..)#


You could see a ghoul, a death knight, a freezing wraith, a wraith and a
floating eye.

Notes
Turn   | Place    | Note
-------+----------+-------------------------------------------
     0 | D:1      | theanonym the Octopode Fire Elementalist began the quest for the Orb.
     0 | D:1      | Reached XP level 1. HP: 11/11 MP: 3/3
   310 | D:1      | Reached XP level 2. HP: 14/17 MP: 0/5
  1082 | D:2      | Reached XP level 3. HP: 21/21 MP: 3/6
  1142 | D:2      | Found a sacrificial altar of Ru.
  1646 | D:2      | Learned a level 3 spell: Conjure Flame
  1728 | D:2      | HP: 7/21 [orc/trident (6)]
  1961 | D:2      | Reached skill level 2 in Conjurations
  1961 | D:2      | Reached XP level 4. HP: 21/27 MP: 4/7
  2229 | D:2      | HP: 13/27 [poisoned by an adder]
  2235 | D:2      | HP: 9/27 [poisoned by an adder]
  2240 | D:2      | HP: 8/27 [poisoned by an adder]
  2247 | D:2      | HP: 6/27 [poisoned by an adder]
  2255 | D:2      | HP: 5/27 [poisoned by an adder]
  2506 | D:2      | Learned a level 4 spell: Sticky Flame
  2564 | D:2      | Noticed an orc warrior
  2687 | D:3      | Reached skill level 3 in Dodging
  2687 | D:3      | Reached XP level 5. HP: 24/31 MP: 1/9
  2705 | D:3      | HP: 15/31 [poisoned by a scorpion]
  2712 | D:3      | Noticed DsMo's ghost (weakling DsMo)
  2713 | D:2      | HP: 14/31 [poisoned by a scorpion]
  3629 | D:3      | Reached skill level 3 in Spellcasting
  3629 | D:3      | Reached skill level 4 in Fire Magic
  4270 | D:4      | Found a blossoming altar of Fedhas.
  4275 | D:4      | Reached skill level 3 in Conjurations
  4275 | D:4      | Reached XP level 6. HP: 36/36 MP: 2/11
  4521 | D:4      | Found a transporter.
  4552 | D:4      | HP: 17/36 [howler monkey (4)]
  4771 | D:4      | Found Wedes's Armour Shop.
  5264 | D:4      | Reached XP level 7. HP: 41/41 MP: 9/12
  5312 | D:4      | Found a transporter.
  5477 | D:5      | Entered Level 5 of the Dungeon
  5509 | D:5      | Reached skill level 4 in Spellcasting
  5631 | D:5      | Reached skill level 5 in Fire Magic
  5633 | D:5      | Reached skill level 4 in Conjurations
  6696 | D:6      | Learned a level 5 spell: Fireball
  6757 | D:6      | Noticed Eustachio
  6840 | D:6      | Reached XP level 8. HP: 46/46 MP: 4/15
  6963 | D:6      | Reached skill level 5 in Conjurations
  7069 | D:6      | Reached skill level 5 in Spellcasting
  7183 | D:6      | Reached skill level 6 in Fire Magic
  7719 | D:6      | Reached skill level 6 in Conjurations
  8068 | D:6      | Reached skill level 7 in Fire Magic
  8428 | D:7      | Reached XP level 9. HP: 51/51 MP: 12/16
  8601 | D:7      | Found a staircase to the Ecumenical Temple.
  8656 | Temple   | Entered the Ecumenical Temple
  8849 | Temple   | Became a worshipper of Vehumet
  8925 | D:7      | Reached skill level 7 in Conjurations
  9405 | D:2      | Reached skill level 8 in Fire Magic
  9539 | D:2      | Found a bloodstained altar of Trog.
  9634 | D:3      | Killed DsMo's ghost
  9726 | D:6      | Killed Eustachio
 10000 | D:7      | HP: 22/51 [killer bee (10)]
 10006 | D:7      | HP: 16/51 [poisoned by a killer bee]
 10011 | D:7      | HP: 16/51 [poisoned by a killer bee]
 10018 | D:7      | HP: 18/51 [poisoned by a killer bee]
 10026 | D:7      | HP: 21/51 [poisoned by a killer bee]
 10184 | D:7      | Reached skill level 8 in Conjurations
 10467 | D:8      | Found a staircase to the Lair.
 10467 | D:8      | Noticed Joseph
 10525 | D:8      | Noticed a two-headed ogre
 10529 | D:8      | Killed a two-headed ogre
 10529 | D:8      | Reached skill level 9 in Conjurations
 10529 | D:8      | Reached skill level 9 in Fire Magic
 10529 | D:8      | Reached XP level 10. HP: 56/56 MP: 0/17
 10702 | D:8      | HP: 19/56 [Joseph/sling bullet (16)]
 10703 | D:8      | HP: 7/56 [Joseph/sling bullet (13)]
 10916 | D:8      | Killed Joseph
 11023 | D:7      | Reached * piety under Vehumet
 11023 | D:7      | Offered knowledge of Shock by Vehumet.
 11132 | D:8      | Noticed Pikel
 11216 | D:8      | Killed Pikel
 11216 | D:8      | Reached skill level 10 in Fire Magic
 11333 | D:8      | Noticed a two-headed ogre
 11343 | D:8      | Killed a two-headed ogre
 11343 | D:8      | Reached skill level 10 in Conjurations
 11484 | D:8      | Reached skill level 1 in Shields
 11757 | D:8      | Reached skill level 2 in Shields
 11985 | D:8      | Found a glowing golden altar of the Shining One.
 12130 | D:7      | Reached skill level 3 in Shields
 12444 | D:7      | Reached skill level 4 in Shields
 12445 | D:7      | Offered knowledge of Searing Ray by Vehumet.
 12447 | D:7      | Reached ** piety under Vehumet
 12671 | D:7      | Reached skill level 1 in Fighting
 12789 | D:7      | Found Ideyx's Food Boutique.
 13116 | D:8      | Reached skill level 2 in Fighting
 13168 | D:8      | Reached XP level 11. HP: 55/64 MP: 10/19
 13584 | D:9      | Noticed a two-headed ogre
 13841 | D:9      | Reached skill level 3 in Fighting
 13963 | D:9      | Noticed Psyche
 13966 | D:9      | Killed Psyche
 13966 | D:9      | Reached skill level 6 in Spellcasting
 14057 | D:9      | HP: 27/67 [merfolk/spear (15)]
 14540 | D:9      | Reached skill level 4 in Fighting
 14819 | Lair:1   | Entered Level 1 of the Lair of Beasts
 14850 | Lair:1   | Noticed an eight-headed hydra
 14855 | Lair:1   | Killed an eight-headed hydra
 14988 | Lair:1   | Found a sparkling altar of Nemelex Xobeh.
 15081 | Lair:1   | Reached skill level 5 in Fighting
 15083 | Lair:1   | Reached skill level 7 in Spellcasting
 15195 | Lair:1   | Learned a level 4 spell: Throw Icicle
 15252 | Lair:1   | Offered knowledge of Stone Arrow by Vehumet.
 15771 | Lair:1   | Reached skill level 6 in Fighting
 16080 | Lair:2   | Reached *** piety under Vehumet
 16172 | Lair:2   | Reached skill level 8 in Spellcasting
 16480 | Lair:2   | HP: 9/74 [rime drake/flash freeze (33)]
 16507 | Lair:2   | Reached skill level 7 in Fighting
 16511 | Lair:2   | HP: 7/75 [rime drake/flash freeze (22)]
 16512 | Lair:2   | Identified a scroll of acquirement
 16605 | Lair:2   | Reached XP level 12. HP: 75/81 MP: 12/24
 16778 | Lair:2   | Got a translucent bronze ring
 16779 | Lair:2   | Identified the ring of Lesee {+Inv MR+ MP+9} (You acquired it on level 2 of the Lair of Beasts)
 16790 | Lair:2   | Offered knowledge of Iskenderun's Mystic Blast by Vehumet.
 17389 | Lair:2   | Reached skill level 9 in Spellcasting
 17390 | Lair:2   | Reached skill level 8 in Fighting
 17398 | Lair:2   | Reached **** piety under Vehumet
 17547 | Lair:2   | Found a hole to the Spider Nest.
 17563 | Lair:2   | HP: 41/83 [poisoned by a redback]
 17568 | Lair:2   | HP: 39/83 [poisoned by a redback]
 17573 | Lair:2   | HP: 38/83 [poisoned by a redback]
 17578 | Lair:2   | HP: 38/83 [poisoned by a redback]
 17583 | Lair:2   | HP: 39/83 [poisoned by a redback]
 18225 | D:9      | Killed a two-headed ogre
 18345 | D:9      | Noticed a frost giant
 18360 | D:10     | Entered Level 10 of the Dungeon
 18399 | D:10     | Noticed a two-headed ogre
 18466 | D:10     | Offered knowledge of Lightning Bolt by Vehumet.
 18500 | D:10     | Killed a two-headed ogre
 18793 | D:10     | Reached skill level 9 in Fighting
 19294 | D:10     | Found the +9 staff of Olgreb {rPois}
 19409 | D:11     | Noticed Laiders's ghost (journeyman DDFi)
 19421 | D:11     | Noticed an eight-headed hydra
 19530 | D:11     | Noticed a two-headed ogre
 19545 | D:10     | Killed a two-headed ogre
 19586 | D:11     | Found Reyneet's Distillery.
 19600 | D:11     | HP: 40/85 [eight-headed hydra (6)]
 19723 | D:10     | Killed an eight-headed hydra
 19723 | D:10     | Reached skill level 10 in Spellcasting
 19957 | D:11     | Reached skill level 10 in Fighting
 20092 | D:11     | Found a staircase to the Orcish Mines.
 20152 | D:11     | Learned a level 3 spell: Ozocubu's Armour
 20292 | D:11     | Bought a potion of heal wounds for 70 gold pieces
 20376 | Orc:1    | Entered Level 1 of the Orcish Mines
 20376 | Orc:1    | Found Toskud's Gadget Emporium.
 20822 | Lair:3   | Reached skill level 1 in Charms
 20822 | Lair:3   | Reached skill level 1 in Ice Magic
 20851 | Lair:3   | Reached skill level 2 in Charms
 20851 | Lair:3   | Reached skill level 2 in Ice Magic
 20851 | Lair:3   | Reached XP level 13. HP: 85/92 MP: 7/27
 20994 | Lair:3   | Noticed varam's ghost (journeyman GrMo)
 21226 | Lair:2   | Reached skill level 3 in Charms
 21226 | Lair:2   | Reached skill level 3 in Ice Magic
 21361 | Lair:3   | Noticed Soeti's ghost (journeyman OpTm)
 21369 | Lair:3   | Killed Soeti's ghost
 21528 | Lair:3   | Noticed Gastronok
 21931 | Lair:3   | Reached skill level 4 in Charms
 21931 | Lair:3   | Reached skill level 4 in Ice Magic
 21944 | Lair:3   | Found a staircase to the Shoals.
 22392 | Lair:4   | Reached ***** piety under Vehumet
 22537 | Lair:4   | Offered knowledge of Yara's Violent Unravelling by Vehumet.
 22539 | Lair:4   | Reached skill level 5 in Ice Magic
 22542 | Lair:4   | Reached skill level 5 in Charms
 22688 | Lair:4   | Reached skill level 4 in Dodging
 22934 | Lair:4   | Upgraded the game from 0.21-a0-426-g98080a9 to 0.21-a0-434-g806c6c2
 22938 | Lair:4   | HP: 32/92 [rime drake/flash freeze (22)]
 23089 | Lair:4   | Reached skill level 5 in Dodging
 23280 | Lair:4   | Malomalsky: sup
 23381 | Spider:1 | Entered Level 1 of the Spider Nest
 23384 | Spider:1 | Reached skill level 6 in Dodging
 23392 | Spider:1 | HP: 44/92 [wolf spider (17)]
 23600 | Spider:1 | HP: 42/92 [meliai/divine providence (11)]
 23604 | Spider:1 | HP: 18/92 [meliai/war axe (6)]
 23727 | Lair:2   | Learned a level 5 spell: Venom Bolt
 23801 | Shoals:1 | Entered Level 1 of the Shoals
 23803 | Shoals:1 | Reached skill level 1 in Poison Magic
 23807 | Shoals:1 | Reached skill level 2 in Poison Magic
 23924 | Lair:3   | HP: 31/92 [varam's ghost/spray of energy (26)]
 23930 | Lair:3   | HP: 22/92 [varam's ghost/spray of energy (17)]
 24447 | D:12     | Reached skill level 7 in Dodging
 24454 | D:12     | Reached skill level 3 in Poison Magic
 25040 | Orc:2    | Entered Level 2 of the Orcish Mines
 25040 | Orc:2    | Found Ykujy's Weapon Emporium.
 25056 | Orc:2    | Found Jairaroo's Gadget Shoppe.
 25111 | Orc:2    | Noticed Saint Roka
 25394 | Orc:1    | Found Ekkiphox's Jewellery Shoppe.
 25414 | Orc:1    | Found Fouxima's Jewellery Shop.
 25416 | Orc:1    | Bought a +5 amulet of reflection for 494 gold pieces
 25419 | Orc:1    | Bought a +3 ring of evasion for 252 gold pieces
 25420 | Orc:1    | theanonym: ??int
 25420 | Orc:1    | beem: int[1/2]: Affects your spell casting success, your spell power and your spell hunger. When it reaches 0, you become {brainless}.
 25420 | Orc:1    | theanonym: ??int[2
 25420 | Orc:1    | beem: monster intelligence[1/12]: From worst to best: Brainless, Animal, Human. This has many effects on monster behaviour, most notably pursuing you longer, pathfinding better, being more wary of traps/clouds and moving in ways that inconviences you more.
 25434 | Orc:1    | Bought an uncursed ring of magical power for 320 gold pieces
 25796 | Orc:2    | Reached skill level 5 in Shields
 25803 | Orc:2    | Reached XP level 14. HP: 99/99 MP: 2/28
 26400 | Orc:2    | Reached skill level 8 in Dodging
 26684 | Orc:2    | Reached skill level 6 in Shields
 27531 | Lair:4   | Reached skill level 9 in Dodging
 27835 | Lair:4   | Reached skill level 7 in Shields
 28799 | Lair:5   | Found a viscous altar of Jiyva.
 28799 | Lair:5   | Found a staircase to the Slime Pits.
 28938 | Lair:5   | Reached skill level 8 in Shields
 29156 | Lair:5   | Reached skill level 10 in Dodging
 29284 | Lair:5   | Offered knowledge of Force Lance by Vehumet.
 29732 | Lair:6   | Entered Level 6 of the Lair of Beasts
 29779 | Lair:6   | Noticed KristoblXynda's ghost (journeyman DrFi)
 29779 | Lair:6   | Noticed Roxy's ghost (journeyman FoFi)
 30217 | Lair:6   | Reached skill level 9 in Shields
 30377 | Lair:5   | theanonym: !lg * urune=15 race=de s=int
 30377 | Lair:5   | beem: 932 games for * (urune=15 race=de): 62x 39, 58x 37, 56x 34, 46x 38, 46x 36, 43x 40, 43x 41, 39x 46, 37x 35, 36x 44, 34x 42, 33x 32, 33x 33, 32x 48, 30x 43, 30x 31, 30x 45, 23x 47, 23x 50, 19x 52, 18x 49, 16x 30, 15x 51, 12x 53, 11x 29, 9x 25, 7x 54, 7x 56, 7x 28, 7x 60, 6x 57, 6x 61, 6x 55, 5x 58, 5x 66, 4x 27, 4x 26, 4x 22, 4x 62, 2x 21, 2x 20, 2x 70, 2x 18, 2x 15, 2x 24, 2x 63, 2x 16, 2x 59, 7...
 30377 | Lair:5   | theanonym: !lg * urune=15 race=op s=int
 30377 | Lair:5   | beem: 642 games for * (urune=15 race=op): 27x 39, 27x 38, 26x 31, 26x 34, 23x 42, 23x 44, 22x 41, 22x 28, 22x 43, 21x 37, 20x 26, 19x 33, 18x 36, 18x 24, 18x 40, 18x 29, 15x 45, 14x 50, 14x 23, 14x 35, 13x 30, 12x 52, 12x 19, 12x 32, 12x 25, 11x 46, 11x 18, 9x 49, 9x 47, 8x 51, 8x 48, 8x 27, 8x 22, 8x 17, 8x 15, 7x 56, 7x 20, 7x 9, 6x 21, 6x 53, 5x 16, 5x 55, 4x 14, 4x 54, 4x 12, 3x 57, 3x 67, 3x 11, ...
 30696 | Lair:5   | Reached skill level 10 in Shields
 31198 | Lair:6   | HP: 40/99 [death yak (23)]
 31769 | Lair:3   | Killed Gastronok
 31769 | Lair:3   | Reached XP level 15. HP: 54/103 MP: 19/29
 32132 | D:12     | Reached skill level 11 in Spellcasting
 33213 | D:13     | Offered knowledge of Irradiate by Vehumet.
 33420 | D:13     | Found a gate to the Vaults.
 34041 | D:6      | Found an ancient bone altar of Kikubaaqudgha.
 34041 | D:6      | Found a shadowy altar of Dithmenos.
 34206 | Orc:1    | Bought an uncursed ring of protection from cold for 400 gold pieces
 34266 | Orc:2    | Killed Saint Roka
 34266 | Orc:2    | Reached skill level 12 in Spellcasting
 34271 | Orc:2    | HP: 45/103 [orc knight/war axe (17)]
 34493 | Orc:2    | Found a roughly hewn altar of Beogh.
 34494 | Orc:2    | Noticed Urug
 34505 | Orc:2    | Killed Urug
 34614 | Orc:2    | Reached skill level 11 in Conjurations
 34645 | Orc:2    | Found Oruuc's Antique Armour Boutique.
 34648 | Orc:2    | Found Inaedaewoa's Book Boutique.
 34652 | Orc:2    | Found Biubyb's General Store.
 34929 | Orc:2    | Found a staircase to the Elven Halls.
 34931 | Orc:2    | Found a roughly hewn altar of Beogh.
 34945 | Orc:2    | Found Bif Emm's Magic Scroll Shoppe.
 34953 | Orc:2    | Bought a scroll of fog for 34 gold pieces
 34953 | Orc:2    | Bought a scroll of blinking for 127 gold pieces
 34953 | Orc:2    | Bought a scroll of teleportation for 51 gold pieces
 35008 | Orc:2    | Found Wobig's Antique Weapon Boutique.
 35170 | Orc:2    | Learned a level 6 spell: Iron Shot
 35791 | Shoals:1 | Reached skill level 4 in Poison Magic
 36039 | Shoals:1 | Reached skill level 11 in Fire Magic
 36455 | Shoals:1 | You fall through a shaft!
 36774 | Shoals:2 | Reached skill level 5 in Poison Magic
 36983 | Shoals:2 | Reached XP level 16. HP: 109/109 MP: 32/32
 37446 | Shoals:2 | Reached skill level 13 in Spellcasting
 37542 | Shoals:2 | Found Keopraeb's General Store.
 37552 | Shoals:2 | Offered knowledge of Poison Arrow by Vehumet.
 38266 | Shoals:2 | Noticed a kraken
 38272 | Shoals:2 | Killed a kraken
 38274 | Shoals:2 | Noticed a kraken
 38467 | Shoals:2 | Killed a kraken
 38592 | Shoals:3 | Reached skill level 12 in Conjurations
 38784 | Shoals:3 | Found Dothrol's Assorted Antiques.
 39033 | Shoals:3 | Noticed a kraken
 39221 | Shoals:3 | Reached skill level 12 in Fire Magic
 39899 | Shoals:3 | Killed a kraken
 40220 | Shoals:3 | Learned a level 6 spell: Poison Arrow
 40311 | Shoals:4 | Entered Level 4 of the Shoals
 40850 | Spider:1 | Reached skill level 6 in Poison Magic
 41447 | Spider:2 | Offered knowledge of Bolt of Cold by Vehumet.
 41449 | Spider:2 | Reached skill level 7 in Poison Magic
 41720 | Spider:2 | Reached skill level 8 in Poison Magic
 42167 | Spider:2 | Reached XP level 17. HP: 115/115 MP: 34/34
 42361 | Spider:2 | Reached skill level 9 in Poison Magic
 42782 | Spider:3 | Reached skill level 10 in Poison Magic
 43339 | Spider:3 | Reached skill level 13 in Conjurations
 43548 | Spider:3 | Reached ****** piety under Vehumet
 43874 | D:11     | Killed Laiders's ghost
 44793 | D:14     | Noticed Josephine
 44797 | D:13     | Offered knowledge of Bolt of Fire by Vehumet.
 45287 | D:14     | Found a shadowy altar of Dithmenos.
 45318 | D:14     | Killed Josephine
 45996 | D:15     | Entered Level 15 of the Dungeon
 46241 | D:15     | Found a portal to a secret trove of treasure.
 46780 | D:15     | Reached skill level 14 in Conjurations
 46805 | D:15     | Found a staircase to the Depths.
 48051 | Elf:1    | Entered Level 1 of the Elven Halls
 48264 | Elf:1    | Offered knowledge of Conjure Ball Lightning by Vehumet.
 48436 | Elf:1    | Found a radiant altar of Vehumet.
 48923 | Elf:1    | Reached skill level 15 in Conjurations
 49291 | Elf:1    | Reached XP level 18. HP: 121/121 MP: 8/35
 49387 | Elf:1    | Reached skill level 11 in Dodging
 49821 | Elf:1    | Reached skill level 14 in Spellcasting
 51091 | Elf:2    | Reached skill level 11 in Poison Magic
 51847 | Elf:2    | Found a runed gate.
 51849 | Elf:2    | Got an encrusted dagger
 51850 | Elf:2    | Identified the +3 dagger of the Unkillable {venom, Dex+4 Stlth+} (You found it on level 2 of the Elven Halls)
 51915 | Elf:2    | Found a runed gate.
 51917 | Elf:2    | Found a runed gate.
 51957 | Elf:2    | Offered knowledge of Fire Storm by Vehumet.
 51957 | Elf:2    | Offered knowledge of Glaciate by Vehumet.
 51957 | Elf:2    | Offered knowledge of Shatter by Vehumet.
 51957 | Elf:2    | Reached skill level 12 in Dodging
 52148 | Elf:2    | Found Tyidif's General Store.
 52160 | Elf:2    | Bought a scroll of teleportation for 45 gold pieces
 52160 | Elf:2    | Bought a scroll of teleportation for 45 gold pieces
 52160 | Elf:2    | Bought a scroll of magic mapping for 52 gold pieces
 53184 | Shoals:4 | HP: 58/121 [merfolk/trident of venom (15)]
 53195 | Shoals:4 | HP: 43/121 [sea snake (18)]
 53205 | Shoals:4 | HP: 30/121 [merfolk aquamancer/rapier (17)]
 53571 | Shoals:4 | Got a barnacled rune of Zot
 53853 | Shoals:4 | Noticed Ilsuiw
 54095 | Shoals:4 | Reached XP level 19. HP: 118/126 MP: 5/37
 54357 | Shoals:4 | Killed Ilsuiw
 54361 | Shoals:4 | Reached skill level 13 in Fire Magic
 55188 | Orc:2    | Bought a scroll of summoning for 161 gold pieces
 55706 | Shoals:4 | Noticed Roxanne
 55827 | Shoals:4 | Reached skill level 15 in Spellcasting
 55928 | Shoals:4 | Reached skill level 11 in Shields
 56409 | Spider:4 | Entered Level 4 of the Spider Nest
 56584 | Spider:4 | Noticed Aizul
 56589 | Spider:4 | Killed Aizul
 57504 | Spider:4 | Reached skill level 16 in Conjurations
 58993 | Spider:4 | Got a gossamer rune of Zot
 59026 | Spider:4 | Upgraded the game from 0.21-a0-434-g806c6c2 to 0.21-a0-437-ge5bf024
 59026 | Spider:4 | DEFE: ну что тут у тебя
 59026 | Spider:4 | theanonym: 15кк всего, за зиги мало дают
 59026 | Spider:4 | DEFE: реген лучше же
 59026 | Spider:4 | DEFE: как амуль
 59026 | Spider:4 | theanonym: Для пауков забыл поменять
 59026 | Spider:4 | DEFE: что по скиллам?
 59026 | Spider:4 | DEFE: щиты тебе зачем?
 59026 | Spider:4 | DEFE: пустая трата экспы, если толкьо не нашел щит резистов
 59026 | Spider:4 | theanonym: Средний щит каст уменьшает
 59026 | Spider:4 | DEFE: что?
 59026 | Spider:4 | theanonym: Ну этот
 59026 | Spider:4 | theanonym: Который между баклером и большим
 59026 | Spider:4 | DEFE: Так сними его и надень баклер
 59026 | Spider:4 | DEFE: зачем тебе он вообще?
 59026 | Spider:4 | theanonym: Я бы так сдох наверно давно
 59026 | Spider:4 | DEFE: без щита ты бы уже кастовал что-нибудь покруче
 59034 | Spider:4 | DEFE: а что по спеллам?
 59035 | Spider:4 | DEFE: сделай дамп
 59035 | Spider:4 | DEFE: парроу
 59035 | Spider:4 | DEFE: фаерболл
 59035 | Spider:4 | DEFE: шот
 59035 | Spider:4 | DEFE: можно выигрывать
 59035 | Spider:4 | DEFE: еще и шторм
 59035 | Spider:4 | theanonym: Вех годноту дал
 59265 | Spider:4 | theanonym: Щиты почти докачал так-то
 59265 | Spider:4 | theanonym: Вот ещё еда кончилась
 59265 | Spider:4 | DEFE: лол
 59265 | Spider:4 | DEFE: как ты умудряешься сжирать всю еду
 59266 | Spider:4 | DEFE: это уже не первый раз у тебя
 59266 | Spider:4 | DEFE: ты забываешь есть мясо монстров что ли?
 59266 | Spider:4 | theanonym: Ск вроде нормально прокачен
 59266 | Spider:4 | theanonym: Автоматом едятся
 59288 | Spider:4 | DEFE: как-то у тебя автомат не работает
 59444 | Spider:4 | DEFE: а ты еще и жрешь не вовремя
 59447 | Spider:4 | DEFE: желе нужно жрать только на старвинг
 59456 | Spider:4 | DEFE: оно восстанавливает еду до нормала
 59579 | Spider:4 | DEFE: не зависимо от текущего уровня голода
 59579 | Spider:4 | theanonym: Спелкастинг стоит до 20 поднимать?
 59579 | Spider:4 | theanonym: От голода
 59579 | Spider:4 | DEFE: до 27
 59579 | Spider:4 | theanonym: Ну сейчас
 59579 | Spider:4 | DEFE: как бы
 59579 | Spider:4 | theanonym: Щиты докачаю раз уж всего 3.1 осталось
 59579 | Spider:4 | DEFE: ну докачай
 59579 | Spider:4 | DEFE: ну а что ты хочешь
 59579 | Spider:4 | DEFE: какой у тебя голод на парроу?
 59579 | Spider:4 | DEFE: 4
 59579 | Spider:4 | theanonym: Большой
 59579 | Spider:4 | theanonym: Из-за голода у эльфов тяжело
 59579 | Spider:4 | theanonym: Стрелы по оружию спамить
 59851 | Vaults:1 | Entered Level 1 of the Vaults
 59852 | Vaults:1 | DEFE: тебе 20 надо
 59852 | Vaults:1 | DEFE: для нулевого спеллхангера парроу
 59852 | Vaults:1 | DEFE: на 28 инты
 59852 | Vaults:1 | theanonym: Может тогда конжуры и огонь стопнуть
 59852 | Vaults:1 | DEFE: щачем?
 59852 | Vaults:1 | theanonym: Для ск
 59856 | Vaults:1 | DEFE: магазина с едой нет?
 59856 | Vaults:1 | DEFE: ну вот
 59880 | Vaults:1 | Reached skill level 12 in Shields
 60083 | Vaults:1 | DEFE: а че ты
 60083 | Vaults:1 | DEFE: кольцо огня носи
 60083 | Vaults:1 | DEFE: фаерболл жи есть
 60083 | Vaults:1 | DEFE: рКоор на си инв
 60083 | Vaults:1 | DEFE: поменять
 60083 | Vaults:1 | DEFE: или MR
 60083 | Vaults:1 | theanonym: Столько тенкаклей а на резисты места нет
 60083 | Vaults:1 | DEFE: если MR мало
 60083 | Vaults:1 | theanonym: Мр норм
 60083 | Vaults:1 | DEFE: значит на си инв
 60289 | Vaults:1 | DEFE: если вдруг понадобится рЦ, переоденешь просто что-нибудь
 60370 | Vaults:1 | HP: 46/126 [yaktaur captain/bolt[a boggart] (49)]
 60371 | Vaults:1 | DEFE: у тебя фаерболл не жркт голода
 60377 | Vaults:1 | theanonym: Я два раза не туда нажал и чуть не сдох
 60742 | Vaults:1 | Reached skill level 14 in Fire Magic
 60828 | Vaults:1 | DEFE: cvjnhb
 60828 | Vaults:1 | DEFE: смотри
 60828 | Vaults:1 | DEFE: что бы они распались
 60828 | Vaults:1 | DEFE: нужно что бы они вышли из лоса
 60830 | Vaults:1 | DEFE: либо что бы подошли к тебе вплотную
 60840 | Vaults:1 | DEFE: поэтому всякие углы хорошо контрят этих слайм кричерсов
 61584 | Vaults:1 | Reached XP level 20. HP: 132/132 MP: 39/39
 63843 | Vaults:2 | Found Soutis's Magic Scroll Shop.
 63851 | Vaults:2 | Bought a scroll of fog for 38 gold pieces
 63851 | Vaults:2 | Bought a scroll of teleportation for 57 gold pieces
 63851 | Vaults:2 | Bought a scroll of blinking for 142 gold pieces
 63851 | Vaults:2 | theanonym: Там ещё магазин книг был
 63851 | Vaults:2 | theanonym: Вроде только статуя нужна
 63851 | Vaults:2 | theanonym: Statue Form
 64047 | Vaults:2 | theanonym: !lg . killer=~slime
 64047 | Vaults:2 | beem: 1. theanonym the Warrior (L17 MiBe of Trog), annihilated by a titanic slime creature on Swamp:4 (swamp_vile) on 2017-10-09 11:01:28, with 153714 points after 31997 turns and 2:23:30.
 64047 | Vaults:2 | theanonym: Только раз меня слизни убили
 64133 | Vaults:2 | Reached skill level 13 in Shields
 64646 | Orc:2    | Bought a book of Burglary for 975 gold pieces
 64662 | Orc:2    | Bought a meat ration for 65 gold pieces
 64665 | Orc:2    | Learned a level 2 spell: Swiftness
 64797 | D:7      | Bought a bread ration for 70 gold pieces
 64797 | D:7      | Bought a bread ration for 70 gold pieces
 64797 | D:7      | Bought a meat ration for 70 gold pieces
 64797 | D:7      | Bought a meat ration for 70 gold pieces
 64797 | D:7      | Bought a royal jelly for 28 gold pieces
 64797 | D:7      | Bought a bread ration for 70 gold pieces
 64797 | D:7      | DEFE: статуя
 64797 | D:7      | DEFE: ну она хороша
 64797 | D:7      | DEFE: для октона
 64797 | D:7      | DEFE: но с тех пор как убрали хаст
 64797 | D:7      | DEFE: уже не то для кастера
 64797 | D:7      | DEFE: она для октана-милишника больше
 65070 | Vaults:3 | Reached skill level 17 in Conjurations
 65208 | Vaults:3 | theanonym: Если некромут не найду возьму статую
 65435 | Vaults:3 | DEFE: зачем, лол?
 65477 | Vaults:3 | theanonym: Тормент
 65488 | Vaults:3 | DEFE: и что?
 65488 | Vaults:3 | DEFE: что ты так боишься тормента, лол
 65556 | Vaults:3 | Noticed Frederick
 65559 | Vaults:3 | Killed Frederick
 65809 | Vaults:3 | Reached skill level 15 in Fire Magic
 65818 | Vaults:3 | theanonym: Одна стрела -16 хп
 65828 | Vaults:3 | theanonym: Без ледяной брони сдох бы раз 100
 66263 | Vaults:3 | Reached skill level 16 in Spellcasting
 66280 | Vaults:3 | Reached XP level 21. HP: 137/137 MP: 13/41
 67850 | Vaults:3 | Found a staircase to the Crypt.
 67963 | Vaults:4 | HP: 68/137 [yaktaur captain/bolt (33)]
 67965 | Vaults:4 | HP: 26/137 [yaktaur captain/bolt (8)]
 69539 | Vaults:4 | Reached skill level 14 in Shields
 70712 | Vaults:4 | Learned a level 9 spell: Fire Storm
 71509 | Depths:1 | Entered Level 1 of the Depths
 71509 | Depths:1 | Found a one-way gate to the infinite horrors of the Abyss.
 71652 | Depths:1 | Got a flickering silver amulet
 71661 | Depths:1 | Identified the amulet of Descent {RegenMP Str+3 Int+4} (You acquired it on level 1 of the Depths)
 72561 | Depths:1 | Found a gateway to Hell.
 72718 | Depths:1 | Found a one-way gate leading to the halls of Pandemonium.
 72958 | Depths:1 | Found Omnixzoik's Gadget Shoppe.
 72958 | Depths:1 | Found Osabbes's Jewellery Boutique.
 72959 | Depths:1 | Found Cuirat's Gadget Shoppe.
 72972 | Depths:1 | Bought an uncursed ring of magical power for 360 gold pieces
 73068 | Depths:1 | Reached skill level 18 in Conjurations
 73391 | Depths:1 | Reached skill level 16 in Fire Magic
 74185 | Elf:2    | Reached XP level 22. HP: 144/144 MP: 42/42
 75170 | Crypt:1  | Entered Level 1 of the Crypt
 75491 | Crypt:1  | Noticed Bai Suzhen
 76204 | Depths:2 | theanonym: !lg urune=15 mife win -log
 76204 | Depths:2 | beem: No games for theanonym (urune=15 mife win).
 76204 | Depths:2 | theanonym: !lg * urune=15 mife win -log
 76204 | Depths:2 | beem: 6. joy1999, XL27 MiFE, T:137648: https://webzook.net/soup/morgue/trunk/joy1999/morgue-joy1999-20160831-152302.txt
 76204 | Depths:2 | theanonym: !lg . s=killer
 76204 | Depths:2 | beem: 134 games for theanonym: 14x, 10x an orc priest, 7x a gnoll, 5x an orc wizard, 5x an adder, 4x a hobgoblin, 4x a two-headed ogre, 4x a worm, 3x an orc, 3x a jackal, 3x an ogre, 2x a komodo dragon, 2x an ooze, 2x a bullfrog, 2x Donald, 2x a centaur warrior, 2x a hog, 2x Duvessa, 2x Crazy Yiuf, 2x an orc warrior, a tarantella, Cerebov, a brown very ugly thing, p0werm0de's ghost, an unseen horror, ...
 76204 | Depths:2 | theanonym: !lg . s=-killer
 76204 | Depths:2 | beem: 134 games for theanonym: a storm dragon, wazuzu's ghost, a large abomination, a spark wasp, a steam dragon, a molten gargoyle, Gastronok, a centaur, Fannar, a frost giant, a kobold, a hound, Purgy, a warg, a green draconian, an ice beast, a titanic slime creature, a giant cockroach, a shadow imp, Gloorx Vloq, a freezing wraith, Cerebov, a brown very ugly thing, p0werm0de's ghost, an unseen horro...
 76204 | Depths:2 | theanonym: !lg . !win s=-xl
 76204 | Depths:2 | beem: 125 games for theanonym (!win): 21, 18, 13, 26, 2x 17, 3x 16, 3x 15, 5x 7, 5x 12, 5x 27, 5x 14, 6x 2, 6x 9, 7x 6, 7x 5, 8x 8, 8x 10, 10x 11, 11x 3, 15x 1, 15x 4
 76281 | Depths:2 | Reached skill level 15 in Shields
 76436 | Depths:2 | Reached skill level 17 in Spellcasting
 76444 | Depths:2 | theanonym: ??blinkbolt
 76444 | Depths:2 | beem: raiju[1/1]: Abyss hounds in bands of 2 or 3 with {AF_ELEC} and the ability to transform into a lightning bolt (which makes them re-appear at the end of the lightning bolt).
 76444 | Depths:2 | theanonym: za
 77186 | Depths:2 | Identified the ring of Nemelex Xobeh's Whim {Ice *Drain rPois MR++ Dex+3} (You found it on level 2 of the Depths)
 77528 | Depths:2 | Noticed a golden dragon
 78355 | Depths:3 | Reached skill level 17 in Fire Magic
 78555 | Depths:3 | Got a glittering lapis lazuli ring
 78564 | Depths:3 | Identified the ring of Mutinn {+Fly rC+ Str+3 Int+2} (You took it off an orc on level 3 of the Depths)
 78955 | Depths:3 | Got a coiled pewter ring
 78965 | Depths:3 | Identified the ring "Vaepoett" {*Slow MR+ Int+3 Dex+2} (You found it on level 3 of the Depths)
 78966 | Depths:3 | theanonym: !lg !win s=status
 79287 | Depths:3 | beem: 8021476 games for win: 4701923x, 270675x very slightly contaminated, 109719x mildly poisoned, 98980x mighty, 84031x non-regenerating, 74923x slowed, 64966x berserking, 62631x about to teleport, 56874x drained, 55939x confused, 54845x lethally poisoned, 47124x rotting, 41984x exhausted,slowed, 41137x flying, 38206x appendage, 36561x repel missiles, 36224x paralysed, 35174x agile, 34041x appendage...
 79315 | Depths:3 | Reached XP level 23. HP: 148/148 MP: 41/44
 79448 | Depths:3 | Got a steaming ivory ring
 79450 | Depths:3 | Identified the ring "Rosoinli" {-Tele rN+ Str+2 Int+6 Slay+3} (You acquired it on level 3 of the Depths)
 79480 | Depths:3 | Got a ring of the Octopus King
 79497 | Depths:3 | Learned a level 9 spell: Glaciate
 79499 | Depths:3 | Identified a ring of the Octopus King {rF+ AC+1 EV+1 Str+1 Int+1 Dex+1} (You took it off an orc on level 3 of the Depths)
 79549 | Depths:3 | theanonym: !lg * !win xl=16 s=place
 79549 | Depths:3 | beem: 49585 games for * (!win xl=16): 2609x Swamp:4, 2251x D:15, 1756x Spider:1, 1701x Snake:2, 1645x Swamp:3, 1578x Shoals:4, 1563x Elf:3, 1539x Spider:2, 1460x Snake:3, 1453x Snake:4, 1427x Snake:1, 1398x Elf:1, 1384x Spider:4, 1337x Abyss:1, 1300x Swamp:2, 1273x Shoals:2, 1271x Elf:2, 1245x Shoals:1, 1229x Spider:3, 1191x Shoals:3, 1181x Depths:1, 1086x D:14, 1048x Swamp:1, 1033x Swamp:5, 1012x Sna...
 79549 | Depths:3 | theanonym: !lg * !win xl=16 s=-place
 79549 | Depths:3 | beem: 49585 games for * (!win xl=16): Zot:2, D:2, Hive:3, Forest:1, Geh:7, Bazaar, Zot:3, Zig:5, Tar:1, 2x Tomb:2, 2x D:27, 2x Zot:4, 2x Zot:1, 2x Zig:9, 2x D:8, 2x D:6, 2x Trove, 2x D:1, 2x D:5, 2x D:3, 2x Dis:7, 4x Lair:10, 4x D:4, 5x Tomb:1, 5x D:7, 5x Hive:1, 6x Hive:4, 7x Crypt:4, 7x Lair:9, 8x D:26, 8x Temple, 8x Depths:5, 9x D:9, 10x Pan, 12x Hive:2, 12x Crypt:5, 13x Depths:4, 13x Bailey, 13x C...
 79549 | Depths:3 | theanonym: ??hive
 79549 | Depths:3 | beem: hive[1/1]: Very fun branch that was removed in 0.9. Contained a lot of fun bees and fun honeycombs and fun royal jellies.
 79549 | Depths:3 | theanonym: ??fores
 79549 | Depths:3 | beem: I don't have a page labeled fores in my learndb. Did you mean: forest, forks, forms.
 79549 | Depths:3 | theanonym: ??forest
 79549 | Depths:3 | beem: forest[1/1]: Wood walls are unique to this branch. As the name tells, spriggans keep the verdant rune of Zot here. Don't try to get it unless you are _very_ careful, or you will die in 10 turns. Deprecated branch, no longer appears.
 79549 | Depths:3 | theanonym: !lg * !win place=Bazaar
 79549 | Depths:3 | beem: 48. chesyn the Severer (L21 DsFi of Okawaru), quit the game in Bazaar (bazaar_kb_twisted_cavern) on 2017-09-29 15:34:02, with 372996 points after 47333 turns and 1:54:52.
 79549 | Depths:3 | theanonym: !lg * !win place=Bazaar s=killer
 79549 | Depths:3 | beem: 48 games for * (!win place=Bazaar): 27x, 4x a ravenous shop mimic, 3x an electric eel, 2x a salamander, 2x a lava snake, an iron troll, a blizzard demon, Nulas the merfolk, a ravenous statue mimic, a vampire mosquito, a shop mimic, a ravenous door mimic, Nordag the orc knight, a giant goldfish, a ravenous fountain mimic
 79549 | Depths:3 | theanonym: !lg * race=op god=vehumet xl=27 !win s=place
 79549 | Depths:3 | beem: 183 games for * (race=op god=vehumet xl=27 !win): 18x Zot:5, 17x Pan, 9x Dis:7, 7x Vaults:5, 6x Geh:7, 6x Tomb:2, 6x Zot:2, 6x Tar:7, 6x Tomb:1, 5x Zig:24, 5x Zig:23, 5x Tomb:3, 5x Zig:26, 4x Abyss:3, 4x Zig:18, 4x Zig:22, 4x Zig:16, 4x Zig:27, 4x Zig:25, 4x Zig:19, 3x Hell, 3x Slime:6, 3x Slime:5, 3x Dis:6, 3x Zig:13, 3x Zig:9, 2x Tar:2, 2x D:4, 2x Crypt:3, 2x Zig:21, 2x Abyss:5, 2x Zot:1, 2x S...
 79549 | Depths:3 | theanonym: !lg * race=op god=vehumet xl=27 !win s=place place=!zig
 79549 | Depths:3 | beem: No games for * (race=op god=vehumet xl=27 !win place=!zig).
 79549 | Depths:3 | theanonym: !lg * race=op god=vehumet xl=27 !win s=place !place=zig
 79549 | Depths:3 | beem: Broken query near '=zig'
 79549 | Depths:3 | theanonym: !lg * race=op god=vehumet xl=27 !win s=place place!=zig
 79549 | Depths:3 | beem: 133 games for * (race=op god=vehumet xl=27 !win place!=zig): 18x Zot:5, 17x Pan, 9x Dis:7, 7x Vaults:5, 6x Tomb:1, 6x Tar:7, 6x Geh:7, 6x Tomb:2, 6x Zot:2, 5x Tomb:3, 4x Abyss:3, 3x Dis:6, 3x Slime:5, 3x Hell, 3x Slime:6, 2x Coc:7, 2x Slime:3, 2x Crypt:3, 2x Tar:2, 2x D:27, 2x Zot:1, 2x D:4, 2x Abyss:5, Zot:4, Zot:3, Vaults:7, Tar:5, Tar:4, Slime:4, Slime:1, Geh:5, Dis:5, Dis:4, Dis:1, D:1, Cryp...
 79549 | Depths:3 | theanonym: !lg * race=op god=vehumet xl=27 !win s=place place!=zig urune>10
 79549 | Depths:3 | beem: 12 games for * (race=op god=vehumet xl=27 !win place!=zig urune>10): 2x Pan, 2x Geh:7, 2x Dis:7, 2x Zot:5, Tomb:3, Tar:7, Tar:2, Dis:4
 79581 | Depths:3 | Found a gateway to a ziggurat.
 79581 | Depths:3 | Noticed a juggernaut
 79599 | Depths:3 | HP: 50/148 [juggernaut (75)]
 79922 | Depths:3 | Killed a juggernaut
 80153 | Depths:3 | Reached skill level 19 in Conjurations
 80229 | Depths:3 | Noticed a juggernaut
 80247 | Depths:3 | Killed a juggernaut
 80307 | Depths:3 | Noticed a juggernaut
 80310 | Depths:3 | Killed a juggernaut
 80686 | Depths:3 | Paralysed by a floating eye for 4 turns
 80687 | Depths:3 | HP: 66/148 [freezing wraith[a death knight] (11)]
 80687 | Depths:3 | HP: 25/148 [ghoul[a death knight] (14)]
 80688 | Depths:3 | HP: 12/148 [freezing wraith[a death knight] (7)]
 80688 | Depths:3 | Mangled by a ghoul

Vanquished Creatures
  3 juggernauts (Depths:3)
  Frederick (Vaults:3)
  Saint Roka (Orc:2)
  4 liches
  A deep elf blademaster (Elf:2)
  A titan (Depths:3)
  3 krakens
  4 sphinxes
  Gastronok (Lair:3)
  6 tengu reavers
  An ancient champion (Depths:3)
  Ilsuiw (Shoals:4)
  5 frost giants
  A balrug (Depths:1)
  2 deep elf sorcerers
  4 fire giants
  An orc warlord (Depths:3)
  Aizul (Spider:4)
  3 vault wardens
  3 ghost moths (Spider:4)
  4 emperor scorpions (Spider:4)
  2 deep elf elementalists
  5 ironheart preservers
  10 stone giants
  A war gargoyle (Vaults:3)
  3 entropy weavers
  A vampire knight (Depths:3)
  2 very ugly things (Vaults:3)
  5 deep elf demonologists
  5 spark wasps
  An eidolon (Crypt:1)
  7 ettins
  6 merfolk javelineers
  11 merfolk impalers
  4 deep elf death magi
  Josephine (D:14)
  9 great orbs of eyes
  13 yaktaur captains
  A deep elf high priest (Depths:3)
  3 fire dragons
  The ghost of Laiders the Basher, a journeyman DDFi of Makhleb (D:11)
  12 vault guards
  6 hydras
  3 rakshasas
  The ghost of Soeti the Transmogrifier, a journeyman OpTm of Dithmenos (Lair:3)
  7 merfolk avatars
  An alligator snapping turtle (Shoals:4)
  7 ice dragons
  A catoblepas (shapeshifter) (Depths:1)
  12 centaur warriors
  22 two-headed ogres
  2 spriggan air magi (Depths:3)
  4 death knights
  2 two-headed ogres (shapeshifter)
  19 dancing weapons
  2 satyrs
  6 merfolk aquamancers (Shoals:4)
  6 ogre magi
  8 tengu warriors
  2 deep troll shamans
  12 death yaks
  5 deep troll earth magi
  2 vampire magi
  A hell knight (Depths:3)
  2 naga sharpshooters (Depths:3)
  4 orc high priests
  Urug (Orc:2)
  A soul eater (Depths:1)
  19 deep elf knights
  3 shadow wraiths
  10 skeletal warriors
  A fire crab (shapeshifter) (Vaults:3)
  5 deep trolls
  A gelid demonspawn (Depths:1)
  An iron troll (Depths:2)
  A storm dragon skeleton (Crypt:1)
  4 flayed ghosts
  18 deep elf archers
  14 sea snakes
  2 unseen horrors
  A tengu zombie (Depths:1)
  2 glowing orange brains
  9 wizards
  Pikel (D:8)
  10 ironbrand convokers
  12 orc knights
  A phantasmal warrior (Vaults:4)
  28 wolf spiders
  11 harpies
  2 harpies (shapeshifter)
  5 orc sorcerers
  3 necromancers
  An anaconda skeleton (Crypt:1)
  14 orb spiders
  3 salamanders (Depths:1)
  57 deep elf magi
  A salamander (shapeshifter) (Depths:2)
  9 cyclopes
  14 fauns
  2 moths of wrath
  13 ugly things
  A frost giant skeleton (Vaults:3)
  16 merfolk sirens
  2 stone giant skeletons (Vaults:3)
  16 manticores
  6 black mambas
  7 elephants
  A guardian serpent (shapeshifter) (Depths:3)
  A sphinx skeleton (Depths:1)
  5 water nymphs
  A torpor snail (Spider:2)
  2 rust devils (Depths:1)
  Psyche (D:9)
  Joseph (D:8)
  5 spiny frogs
  7 vault sentinels
  3 gargoyles
  A rime drake (shapeshifter) (Vaults:2)
  6 freezing wraiths
  6 rime drakes
  16 demonic crawlers
  7 komodo dragons
  6 human skeletons (Vaults:3)
  An anaconda simulacrum (Crypt:1)
  A spriggan skeleton (Depths:1)
  A minotaur zombie (Crypt:1)
  A wind drake (shapeshifter) (Vaults:4)
  28 yaktaurs
  28 merfolk
  A tengu conjurer (D:15)
  An ice devil (Depths:1)
  2 queen bees
  5 trolls
  2 polar bears
  3 meliai (Spider:1)
  29 jumping spiders
  13 hornets
  8 wind drakes
  5 blink frogs (Lair:4)
  12 dream sheep
  39 slime creatures
  26 hippogriffs
  3 ettin skeletons (Vaults:3)
  14 snapping turtles
  A fire dragon skeleton (Depths:1)
  2 vampires (D:12)
  2 shadows
  21 tarantellas
  35 yaks
  67 redbacks
  An air elemental (Elf:1)
  20 water elementals
  12 wraiths
  12 basilisks
  2 humans (shapeshifter)
  Eustachio (D:6)
  A golden eye (shapeshifter) (Vaults:3)
  A hog (shapeshifter) (D:14)
  12 wyverns
  3 hungry ghosts
  A fire elemental (Elf:1)
  2 steam dragons
  2 nagas (Depths:3)
  4 wargs
  2 soldier ants
  An acid dragon (Vaults:2)
  6 water moccasins
  A hell hound (Lair:4)
  9 porcupines
  4 floating eyes (Depths:3)
  5 ice beasts
  An ice beast (shapeshifter) (Depths:3)
  40 orc warriors
  2 slaves (D:8)
  2 sky beasts
  18 ogres
  A phantom (D:8)
  5 black bears
  A deep troll simulacrum (Depths:1)
  A hornet zombie (D:11)
  5 necrophages
  An eye of draining (D:9)
  9 boggarts
  8 wolves
  33 centaurs
  A crocodile (shapeshifter) (Depths:2)
  17 crocodiles
  A big kobold (D:9)
  22 bullfrogs
  2 yaktaur skeletons (Depths:1)
  2 gnoll sergeants
  A bullfrog (shapeshifter) (D:15)
  A wyvern zombie (D:6)
  2 earth elementals
  2 wyvern skeletons
  A hornet simulacrum (D:15)
  6 scorpions
  A water moccasin skeleton (D:8)
  46 killer bees
  4 electric eels
  22 wights
  5 howler monkeys
  2 centaur zombies
  7 crimson imps
  A human simulacrum (Vaults:1)
  2 bullfrog zombies
  2 quasits
  3 iron imps (Depths:1)
  5 jellies
  5 bullfrog skeletons
  10 hounds
  18 orc priests
  6 centaur skeletons
  An iguana (D:11)
  20 orc wizards
  13 worker ants
  A killer bee zombie (D:9)
  The ghost of DsMo the Insei, a weakling DsMo (D:3)
  2 hound skeletons
  7 gnolls
  A howler monkey skeleton (D:9)
  A river rat (Lair:2)
  13 adders
  8 shadow imps
  2 white imps
  4 ufetubi (Depths:1)
  An ooze (D:5)
  An adder skeleton (D:7)
  3 adder zombies
  2 worms
  2 dart slugs (D:3)
  3 leopard geckos
  83 orcs
  2 ball pythons
  5 bats
  3 giant cockroaches
  6 goblins
  7 hobgoblins
  8 jackals
  9 kobolds
  5 quokkas
  5 frilled lizards
  A jackal skeleton (D:5)
  A leopard gecko skeleton (D:4)
  A leopard gecko zombie (D:5)
  11 rats
  A fungus (Lair:2)
  13 plants
  A tentacle (Shoals:2)
1713 creatures vanquished.

Vanquished Creatures (others)
  2 centaur warriors
  A cyclops (Shoals:1)
  6 yaktaurs
  A merfolk (Shoals:4)
  An orc warrior (Orc:2)
  2 slaves (D:8)
  2 centaurs (D:14)
  A howler monkey (D:8)
  A leopard gecko (D:8)
  An orc (Depths:3)
  A bush (Lair:6)
  21 fungi
  25 plants
  13 tentacles
78 creatures vanquished.

Grand Total: 1791 creatures vanquished
